AoeStats
← Khirs

MegaRandom

506449197Analyzed
4v4 RM · 18d ago on Sep 13, 2026· 101m 39s· 8 players
Game mode
Random Map
Map size
Large (8 player)
Population
200
Speed
Normal
Resources
Standard
Victory
Conquest
Starting age
Dark Age
Ending age
Imperial Age
RankedLock teamsTeams togetherTeam positionsShared explorationLock speedFull tech treeHidden civsTurbo modeCheats
Victory
Defeat
🇪🇸 Mongols · Spain
794
+16
🇩🇪 Romans · Germany
769
+17
🇪🇸 Chinese · Spain
761
+18
🇪🇸 Shu · Spain
752
+18
🇵🇪 Romans · Peru
834
-19
🇩🇪 Khmer · Germany
821
-18
🇸🇪 Portuguese · Sweden
820
-18
🇨🇳 Sicilians · China
726
-14
Khirs
0:48 Loom
11:43 Feudal Age
13:41 Double-Bit Axe
13:29 Man-at-Arms
14:25 Gold Mining
14:47 Horse Collar
18:57 Fletching
20:22 Padded Archer Armor
21:59 Scale Mail Armor
22:04 Stone Mining
26:47 Castle Age
25:34 Forging
27:48 Bow Saw
27:46 Heavy Plow
27:38 Crossbowman
28:26 Thumb Ring
29:04 Bodkin Arrow
30:26 Gold Shaft Mining
34:53 Imperial Age
33:14 Leather Archer Armor
34:45 Pikeman
35:52 Bracer
36:34 Ballistics
37:35 Ring Archer Armor
37:42 Conscription
39:17 Elite Chu Ko Nu
42:10 Chemistry
43:58 Wheelbarrow
42:58 Halberdier
47:03 Chain Mail Armor
47:24 Iron Casting
46:26 Capped Ram
48:47 Plate Mail Armor
49:32 Hand Cart
50:03 Masonry
50:00 Murder Holes
51:25 Rocketry
50:58 Arrowslits
57:51 Long Swordsman
59:35 Blast Furnace
58:59 Siege Ram
66:21 Great Wall
Metrallas
7:04 Loom
16:14 Feudal Age
17:35 Wheelbarrow
16:52 Double-Bit Axe
24:27 Town Watch
25:16 Bloodlines
31:18 Castle Age
34:16 Gold Mining
35:06 Horse Collar
35:39 Bow Saw
37:12 Heavy Plow
39:44 Husbandry
39:05 Light Cavalry
41:49 Hand Cart
45:41 Imperial Age
45:34 Ballistics
46:19 Caravan
47:40 Squires
47:06 Capped Ram
47:50 Onager
49:30 Conscription
49:22 Nomads
51:42 Gold Shaft Mining
50:58 Stone Mining
52:40 Drill
52:57 Hoardings
51:54 Sappers
52:07 Siege Ram
54:45 Siege Onager
58:04 Squires
57:24 Pikeman
57:50 Arson
58:25 Forging
58:15 Scale Mail Armor
58:21 Scale Barding Armor
58:16 Padded Archer Armor
58:07 Fletching
63:36 Elite Mangudai
67:15 Chemistry
66:22 Siege Engineers
66:13 Murder Holes
66:29 Masonry
66:31 Fortified Wall
75:23 Stone Shaft Mining
75:10 Bodkin Arrow
75:31 Leather Archer Armor
75:52 Iron Casting
75:32 Chain Mail Armor
76:14 Bracer
79:54 Chain Barding Armor
82:40 Medium Warships
83:23 Guard Tower
83:49 Careening
83:50 Clinker Construction
95:17 Blast Furnace
94:47 Plate Mail Armor
Zkittlez
9:05 Loom
14:39 Feudal Age
15:10 Double-Bit Axe
15:08 Horse Collar
15:20 Stone Mining
15:25 Gold Mining
18:21 Wheelbarrow
22:28 Castle Age
24:04 Bow Saw
23:56 Heavy Plow
24:43 Gold Shaft Mining
25:07 Hand Cart
26:28 Caravan
28:45 Forging
28:41 Scale Barding Armor
38:13 Imperial Age
36:37 Iron Casting
36:23 Chain Barding Armor
38:14 Elite Centurion
39:15 Comitatenses
39:17 Conscription
40:54 Blast Furnace
40:29 Plate Barding Armor
QUIEN YA TU SABES
11:29 Feudal Age
12:53 Wheelbarrow
12:10 Double-Bit Axe
12:08 Horse Collar
25:03 Castle Age
23:48 Gold Mining
23:48 Stone Mining
26:24 Crossbowman
26:58 Fletching
27:08 Padded Archer Armor
28:40 Leather Archer Armor
28:20 Bodkin Arrow
28:54 Hand Cart
28:56 Bow Saw
29:23 Gold Shaft Mining
33:47 Ballistics
35:59 Imperial Age
35:04 Thumb Ring
37:45 Chemistry
37:19 Ring Archer Armor
36:49 Bracer
37:18 Heavy Plow
38:21 Two-Man Saw
40:57 Bolt Magazine
41:43 Arbalester
46:12 Conscription
67:45 Capped Ram
68:45 Siege Ram
97:58 Loom
ricksanchez
0:41 Loom
14:07 Feudal Age
15:32 Wheelbarrow
18:54 Castle Age
17:31 Stone Mining
18:22 Double-Bit Axe
23:37 Horse Collar
24:10 Bow Saw
25:29 Hand Cart
26:19 Circumnavigation
30:05 Gold Mining
35:32 Imperial Age
34:27 Heavy Plow
35:04 Stone Shaft Mining
34:34 Caravan
39:12 Conscription
38:55 Arquebus
39:42 Crop Rotation
41:23 Chemistry
40:44 Ballistics
40:19 Murder Holes
42:45 Two-Man Saw
45:18 Elite Organ Gun
46:28 Town Watch
47:18 Pikeman
47:43 Arson
48:52 Halberdier
50:23 Siege Engineers
50:32 Forging
50:22 Scale Mail Armor
50:13 Fletching
51:57 Iron Casting
57:51 Blast Furnace
57:06 Chain Mail Armor
56:47 Bodkin Arrow
88:07 Plate Mail Armor
87:43 Scale Barding Armor
87:39 Bracer
88:11 Husbandry
90:39 Cavalier
91:30 Bloodlines
95:41 Chain Barding Armor
GEDIAN
0:32 Loom
13:34 Feudal Age
13:58 Horse Collar
18:04 Scale Mail Armor
20:15 Castle Age
18:20 Double-Bit Axe
19:46 Scale Barding Armor
22:42 Heavy Plow
23:36 Stone Mining
26:27 Gold Mining
26:50 Forging
30:41 Wheelbarrow
30:33 Chain Barding Armor
29:38 Man-at-Arms
32:46 Hand Cart
35:57 Imperial Age
34:32 Bow Saw
34:53 Long Swordsman
35:41 Ballistas
35:31 Pikeman
37:10 Gold Shaft Mining
37:14 Plate Barding Armor
36:02 Elite Centurion
37:11 Conscription
37:30 Husbandry
38:27 Iron Casting
37:56 Caravan
38:36 Cavalier
40:08 Fortified Wall
40:41 Bloodlines
41:21 Crop Rotation
41:29 Squires
44:13 Chemistry
43:10 Fletching
44:20 Halberdier
46:54 Ballistics
46:17 Legionary
47:55 Murder Holes
48:04 Capped Ram
48:15 Heavy Scorpion
51:13 Comitatenses
51:00 Light Cavalry
52:14 Siege Engineers
51:46 Crossbowman
52:44 Masonry
53:02 Elite Skirmisher
59:34 Architecture
61:29 Chain Mail Armor
62:46 Bodkin Arrow
66:54 Blast Furnace
éGo
8:12 Loom
10:11 Feudal Age
10:47 Double-Bit Axe
13:12 Gold Mining
15:42 Horse Collar
18:56 Castle Age
17:11 Stone Mining
20:22 Bow Saw
20:59 Heavy Plow
23:12 Stone Shaft Mining
23:14 Gold Shaft Mining
27:16 Caravan
29:36 Wheelbarrow
33:48 Imperial Age
32:41 Hand Cart
35:33 Forging
35:29 Scale Barding Armor
36:26 Chemistry
35:47 Ballistics
35:34 Siege Engineers
35:39 Masonry
35:25 Murder Holes
35:41 Fortified Wall
36:24 Town Watch
37:24 Double Crossbow
37:44 Conscription
37:32 Tusk Swords
37:33 Double Crossbow
37:53 Conscription
37:00 Elite Battle Elephant
37:41 Husbandry
37:52 Bloodlines
38:31 Crop Rotation
39:46 Hoardings
39:56 Iron Casting
39:41 Chain Barding Armor
39:13 Fletching
39:24 Padded Archer Armor
39:57 Architecture
39:23 Guard Tower
39:38 Town Patrol
39:29 Heavy Scorpion
46:13 Blast Furnace
45:49 Plate Barding Armor
46:14 Leather Archer Armor
45:54 Bodkin Arrow
47:43 Plate Barding Armor
48:34 Ring Archer Armor
48:11 Bracer
93:15 Sappers
小菜机
23:57 Feudal Age
29:34 Double-Bit Axe
29:32 Horse Collar
35:47 Castle Age
35:08 Gold Mining
35:11 Stone Mining
37:46 Bow Saw
37:38 Heavy Plow
38:18 Gold Shaft Mining
38:19 Stone Shaft Mining
41:04 Wheelbarrow
44:16 Hand Cart
50:11 Forging
50:02 Scale Mail Armor
52:52 Imperial Age
51:23 Fletching
52:12 Chain Mail Armor
52:01 Padded Archer Armor
52:47 Iron Casting
52:08 Bodkin Arrow
52:31 Squires
51:53 Pikeman
53:00 Halberdier
54:01 Leather Archer Armor
53:47 Bracer
54:49 Blast Furnace
54:22 Plate Mail Armor
54:31 Elite Skirmisher
61:08 Arson
Connection lost

Rejoining the realm…

Still unreachable

The connection could not be restored.

Session expired

The server has moved on; the page needs a fresh start.